Map: 2000 Atmospheres LE

Players

A.I. 1 (Easy)

  • Race: Zerg Zerg

Ols - Winner!

  • Race: Terran Terran
  • League: Master

VOD

Have the link to the VOD?

Description

Time

  • Played on: Sept. 10, 2021, 11:18 p.m.
  • Length: 5:26
Show
View Real Time Build Order
Export as new Build Order

A.I. 1 (Easy) Zerg 

Build Orders: Pool Only 

Get SALT Encoding   

  12  0:00  Drone  
  13  0:12  Overlord  
  13  0:16  Drone  
  14  0:30  Drone  
  14  0:35  Drone  
  16  0:42  Spawning Pool  
  15  0:45  Drone  
  15  0:47  Extractor  
  15  0:51  Drone  
  16  0:58  Overlord  
  16  1:31  Queen, Zergling x2  
  19  1:33  Roach Warren  
  19  1:36  Extractor, Drone  
  18  1:41  Drone  
  18  1:44  Zergling x2  
  20  2:04  Overlord  
  20  2:14  Roach  
  22  2:16  Drone  
  23  2:24  Drone  
  24  2:35  Drone  
  25  2:38  Roach  
  25  2:39  Drone  
  25  2:43  Drone  
  29  2:48  Drone  
  30  2:57  Overlord  
  30  3:09  Roach  
  32  3:58  Zergling x2  
  32  4:20  Zergling x2  
  25  4:33  Queen  
  25  4:34  Roach  
  26  4:47  Zergling x2  
  26  4:52  Drone, Roach Warren  
  27  4:57  Drone  
  25  5:01  Zergling x2  
  25  5:03  Overlord, Drone  
  21  5:07  Drone  
Show
View Real Time Build Order
Export as new Build Order

Ols Terran - Winner!

Build Orders: 1/1/1 

Get SALT Encoding   

  12  0:00  SCV  
  13  0:12  SCV  
  14  0:18  Supply Depot  
  14  0:24  SCV  
  15  0:39  SCV  
  15  0:41  Barracks  
  16  0:45  Refinery  
  16  0:51  SCV  
  16  0:53  Refinery  
  17  1:03  SCV  
  18  1:15  SCV  
  19  1:28  Marine  
  19  1:29  Orbital Command  
  20  1:34  Factory  
  20  1:46  Supply Depot  
  20  1:47  Marine  
  21  1:55  SCV  
  22  2:05  Barracks Reactor  
  22  2:14  SCV  
  23  2:18  Hellion  
  23  2:20  Starport  
  25  2:27  Supply Depot  
  25  2:29  SCV  
  26  2:42  SCV  
  29  2:51  Hellion x2, Marine  
  29  2:54  SCV  
  33  3:06  Armory, SCV  
  33  3:08  Medivac  
  36  3:17  Supply Depot  
  36  3:18  SCV, Marine  
  38  3:39  Hellion x2  
  42  3:47  Marine  
  43  3:50  Starport Tech Lab  
  43  3:57  Supply Depot  
  43  4:00  Hellion x2  
  47  4:18  SCV, Marine  
  49  4:28  Hellion  
  49  4:29  Hellion  
  49  4:30  SCV  
  54  4:36  Marine  
  55  4:51  Supply Depot  
  55  4:53  Supply Depot  
Tags
 
Add a new tag
Caveats
  • Supply blocks, unpowered buildings, or Contaminate may cause inaccurate times.
  • Supply counts are checked every 10 seconds.